 Dungeon Crawl Stone Soup version 0.18-a0-921-g28655ce (webtiles) character file.

123 Gorice the Scratcher (level 4, -1/19 HPs)
             Began as a Felid Wanderer on Dec 27, 2015.
             Slain by a kobold
             ... wielding a +0 dagger
              (3 damage)
             ... on level 3 of the Dungeon.
             The game lasted 00:09:55 (3845 turns).

Gorice the Scratcher (Felid Wanderer)               Turns: 3845, Time: 00:09:55

Health: -1/19      AC:  1    Str:  9    XL:     4   Next: 79%
Magic:  6/6        EV: 19    Int: 13    God:
Gold:   152        SH:  0    Dex: 15    Spells: 0 memorised, 3 levels left
                                        Lives:  0   Deaths: 1

rFire  + . .     SeeInvis +       - Unarmed
rCold  . . .     Gourm    .     (armour unavailable)
rNeg   . . .     Faith    .     (shield unavailable)
rPois  +         Spirit   .     (helmet unavailable)
rElec  .         Dismiss  .     (cloak unavailable)
rCorr  +         Reflect  .     (gloves unavailable)
SustAt .         Harm     .     (boots unavailable)
MR     .....                    l - amulet of resist corrosion
Stlth  ++........               f - ring of poison resistance
                                o - ring of protection from fire

@: quick, not resistant to hostile enchantments, unstealthy
A: no armour, no weapons or thrown items, claws 1, fangs 3, see invisible,
carnivore 3, speed 1, shaggy fur 1, slow metabolism 1, sharp paws
a: no special abilities


You were on level 3 of the Dungeon.
You were very full.

You visited 1 branch of the dungeon, and saw 3 of its levels.

You collected 152 gold pieces.

Inventory:

Jewellery
 e - an uncursed ring of magical power
 f - a ring of poison resistance (right paw)
 l - an amulet of resist corrosion (around neck)
 o - a ring of protection from fire (left paw)
Scrolls
 b - 3 scrolls of teleportation {!r}
 j - 3 scrolls of remove curse
Potions
 a - a potion of lignification {!q}
 h - a potion of might {unknown}
 i - a potion of haste {unknown}
 q - a potion of cancellation {unknown}
Comestibles
 c - a meat ration {!e}
 g - a beef jerky


   Skills:
 - Level 2.0 Fighting
 - Level 4.0 Dodging
 - Level 1.3 Stealth
 * Level 5.5 Unarmed Combat
   Level 2.1 Evocations


You had 3 spell levels left.
You didn't know any spells.

Dungeon Overview and Level Annotations

Branches:
Dungeon (3/15)

Altars:

Annotations:
D:2 Robin


Innate Abilities, Weirdness & Mutations

You cannot wear armour.
You are incapable of wielding weapons or throwing items.
You have sharp claws.
You have razor-sharp teeth.
You have supernaturally acute eyesight.
You are carnivorous and can eat meat at any time.
You cover ground quickly.
You are covered in fur (AC +1).
You have a slow metabolism.
Your sharp claws are effective at attacking unaware monsters.


Message History

You open the door.
A bat and a goblin come into view.
A kobold comes into view. It is wielding a dagger.
The goblin shouts!
The goblin unwields an uncursed club.
The goblin wields a hunting sling.
The goblin shoots a stone.
The stone hits you.
There is an open door here.
You see here a stone.
Damage: 6 (max 6)
You aren't carrying any items that can be evoked.
The kobold shouts!
The goblin shoots a stone.
The stone misses you.
There is a stone staircase leading up, spattered with blood here.
You start resting.
The goblin shoots a stone.
The stone hits you.
You see here a stone.
Damage: 5 (max 5)
The goblin misses you.
You scratch the goblin but do no damage.
The goblin hits you with a hunting sling.
Damage: 2 (max 5)
You closely miss the goblin.
The goblin hits you with a hunting sling.
* * * LOW HITPOINT WARNING * * *
Damage: 2 (max 5)
You are too injured to fight recklessly!
You are too injured to fight recklessly!
You are too injured to fight recklessly!
You are too injured to fight recklessly!
You closely miss the goblin. You barely miss the goblin.
The goblin completely misses you.
You closely miss the goblin. You bite the goblin, but do no damage.
The goblin closely misses you.
You barely miss the goblin. Your bite misses the goblin.
The goblin completely misses you.
You barely miss the goblin. The goblin barely misses you.
You closely miss the goblin. You closely miss the goblin.
The goblin misses you.
You closely miss the goblin.
The goblin hits you with a hunting sling.
* * * LOW HITPOINT WARNING * * *
Damage: 4 (max 5)
You claw the goblin!
You kill the goblin!
Things that are here:
a hunting sling; an uncursed club; 15 stones You scratch the kobold.
You bite the kobold.
The kobold is severely wounded.
The kobold hits you with a dagger.
You die...

..#.....#.......#..###+####
........+.......#..#
........#.......#..#
...########'#####..# ...#
#..# #..# ...#########.#
#..# ...'.......<.#
#..###...
...#########(####.....##
...# #.......).@K.......
...# ##.###.)###'###.###
#### ##.# .... ... #..
......### ##........#
........# ..#.##### ..#.#


You could see a kobold.

Vanquished Creatures
  An orc wizard (D:3)
  6 adders
  A worm (D:3)
  A giant gecko (D:3)
  7 orcs (D:3)
  5 giant cockroaches
  10 hobgoblins
  8 kobolds
  2 quokkas
  2 ball pythons
  9 bats
  A giant newt (D:3)
  13 goblins
  13 jackals
  6 rats
85 creatures vanquished.

Notes
Turn   | Place    | Note
--------------------------------------------------------------
     0 | D:1      | Gorice the Felid Wanderer began the quest for the Orb.
     0 | D:1      | Gorice set off with: a potion of lignification {!q}, a scroll of teleportation {!r}, a meat ration {!e}
     0 | D:1      | Reached XP level 1. HP: 9/9 MP: 3/3
   501 | D:1      | Reached XP level 2. HP: 13/13 MP: 4/4
   555 | D:1      | Reached skill level 3 in Unarmed Combat
   954 | D:2      | Reached XP level 3. HP: 13/16 MP: 5/5
  1501 | D:2      | Reached skill level 4 in Unarmed Combat
  1527 | D:2      | HP: 3/16 [adder (2)]
  1914 | D:2      | Reached XP level 4. HP: 19/19 MP: 6/6
  1993 | D:2      | Noticed Robin
  2302 | D:2      | Killed from afar by Robin
  2303 | D:2      | Reached XP level 3. HP: -4/16 MP: 5/5
  2734 | D:3      | HP: 4/16 [adder (3)]
  2739 | D:3      | HP: 2/16 [poisoned by an adder]
  2744 | D:3      | Reached skill level 5 in Unarmed Combat
  2744 | D:3      | Reached XP level 4. HP: 11/19 MP: 6/6
  2756 | D:3      | HP: 5/19 [kobold (1)]
  3500 | D:3      | HP: 4/19 [orc wizard/dagger (7)]
  3832 | D:3      | HP: 5/19 [goblin/hunting sling (2)]
  3840 | D:3      | HP: 2/19 [goblin/hunting sling (4)]
  3845 | D:3      | Slain by a kobold

Vault maps used:
D:1:      dpeg_arrival_round_c, minmay_misc_feat_hallway, minmay_misc_feat_room
D:2:      forest_paths, first_bread, uniq_robin
D:3:      uniq_terence

Action                   |  1- 3 |  4- 6 || total
-------------------------+-------+-------++-------
Melee: Unarmed           |   175 |   128 ||   303
  Use: Scroll            |     4 |       ||     4
       Potion            |     3 |       ||     3
 Stab: Sleeping          |     8 |     2 ||    10
  Eat: Chunk             |    15 |     3 ||    18

Table legend:
 A = Turns spent in this place as a percentage of turns spent in the entire game.
 B = Non-inter-level travel turns spent in this place as a percentage of non-inter-level travel turns spent in the entire game.
 C = Inter-level travel turns spent in this place as a percentage of turns spent in this place.
 D = Turns resting spent in this place as a percentage of non-inter-level travel turns spent in this place.
 E = Turns spent auto-exploring this place as a percentage of non-inter-level travel turns spent in this place.
 F = Non-inter-level travel turns spent in this place divided by the number of levels of this place that you've seen.
                   A       B       C       D       E      F
               +-------+-------+-------+-------+-------+----------------------
         Total | 100.0 | 100.0 |   0.2 |   4.2 |   5.9 | 388.0
       Dungeon | 100.0 | 100.0 |   0.2 |   4.2 |   5.9 | 388.0
               +-------+-------+-------+-------+-------+----------------------

Vault maps used:
D:1:      dpeg_arrival_round_c, minmay_misc_feat_hallway, minmay_misc_feat_room
D:2:      forest_paths, first_bread, uniq_robin
D:3:      uniq_terence
